 Dungeon Crawl Stone Soup version 0.17-a0-1910-g4c791fa (webtiles) character file.

255 graki42 the Covered (level 5, 0/47 HPs)
             Began as a Minotaur Fighter on Sept 25, 2015.
             Slain by a centaur (1 damage)
             ... on level 4 of the Dungeon.
             The game lasted 00:07:36 (2678 turns).

graki42 the Covered (Minotaur Fighter)              Turns: 2678, Time: 00:07:36

Health: 0/47       AC:  0    Str: 21    XL:     5   Next: 91%
Magic:  4/4        EV: 10    Int:  5    God:
Gold:   142        SH: 10    Dex: 10    Spells: 0 memorised, 4 levels left

rFire  . . .     SeeInvis .     a - +0 war axe
rCold  . . .     Clarity  .     (no armour)
rNeg   . . .     SustAt   .     c - +0 shield
rPois  +         Gourm    .     (helmet restricted)
rElec  .         Spirit   .     (no cloak)
rCorr  .         Warding  .     (no gloves)
rMut   .         Stasis   .     (no boots)
MR     +....                    (no amulet)
Stlth  +.........               p - ring of protection from magic
                                l - ring of poison resistance

@: somewhat resistant to hostile enchantments, very unstealthy
A: retaliatory headbutt, horns 2
a: no special abilities


You were on level 4 of the Dungeon.
You were not hungry.

You visited 1 branch of the dungeon, and saw 4 of its levels.

You collected 142 gold pieces.

Inventory:

Hand weapons
 a - a +0 war axe (weapon)
Missiles
 n - a throwing net (quivered)
Armour
 b - a +0 scale mail
 c - a +0 shield (worn)
 o - a +0 chain mail
Jewellery
 l - a ring of poison resistance (left hand)
 p - a ring of protection from magic (right hand)
Scrolls
 i - a scroll of blinking {unknown}
 q - 3 scrolls of remove curse
Potions
 d - 2 potions of might
 g - 3 potions of heal wounds
 h - a potion of flight
 j - 2 potions of curing
 m - a potion of invisibility
 r - a potion of cancellation
Comestibles
 e - 2 bread rations
 f - a slice of pizza
 k - a beef jerky
 s - a meat ration
 t - 6 fruits


   Skills:
 + Level 4.7 Fighting
 + Level 3.4 Axes
 + Level 5.0 Armour
 + Level 2.5 Dodging
 + Level 0.5 Stealth
 + Level 5.0 Shields


You had 4 spell levels left.
You didn't know any spells.

Dungeon Overview and Level Annotations

Branches:
Dungeon (4/15)             Temple (0/1) D:4

Altars:
Ashenzari
Elyvilon
Fedhas
Makhleb
Nemelex Xobeh
Zin


Innate Abilities, Weirdness & Mutations

You reflexively headbutt those who attack you in melee.
You have a pair of horns on your head.


Message History

The centaur shoots an arrow.
The arrow hits you.
You see here an arrow.
The centaur shoots an arrow.
The arrow hits you!
You see here an arrow.
The centaur unwields an uncursed shortbow.
The centaur hits you!
* * * LOW HITPOINT WARNING * * *
You closely miss the centaur. You headbutt the centaur.
The centaur is lightly wounded.
The centaur hits you.
* * * LOW HITPOINT WARNING * * *
The centaur hits you!
* * * LOW HITPOINT WARNING * * *
You slash the centaur!
The centaur is severely wounded.
You block the centaur's attack.
You hit the centaur. You headbutt the centaur.
The centaur is severely wounded.
The centaur hits you.
You die...

###############
#######......##.....##
#............#.......#
##.#.#.#.#.#......(....
#.(..........#.........
#..#(......#.#.......|.
#....(.......#.†.).....
#..#..@>...#.#.†))....)
#$.....c.....#.........
.....#.......#.#.........
...............#.........
#.##(.#.#.#.#.#...........
#. ##.....................
#######.###.##$......# ..
..###.....##


You could see a centaur.

Vanquished Creatures
  The ghost of graki42 the Shield-Bearer, a weakling MiFi (D:3)
  An orc priest (D:4)
  Ijyb (D:2)
  A worker ant (D:3)
  A gnoll (D:1)
  4 adders
  An ooze (D:3)
  7 orcs
  A ball python (D:3)
  10 bats
  A giant cockroach (D:2)
  5 hobgoblins
  A quokka (D:2)
  3 giant geckos
  A giant newt (D:1)
  11 goblins
  4 jackals (D:1)
  7 kobolds
  5 rats
66 creatures vanquished.

Vanquished Creatures (others)
  A worker ant (D:4)
1 creature vanquished.

Grand Total: 67 creatures vanquished

Notes
Turn   | Place    | Note
--------------------------------------------------------------
     0 | D:1      | graki42 the Minotaur Fighter began the quest for the Orb.
     0 | D:1      | Reached XP level 1. HP: 19/19 MP: 0/0
   115 | D:1      | Found a shattered altar of Ashenzari.
   141 | D:1      | Reached XP level 2. HP: 18/27 MP: 1/1
   519 | D:1      | Reached skill level 4 in Armour
   844 | D:1      | Reached skill level 1 in Dodging
  1057 | D:2      | Reached XP level 3. HP: 33/33 MP: 2/2
  1425 | D:2      | Reached XP level 4. HP: 36/40 MP: 3/3
  1484 | D:2      | Found a white marble altar of Elyvilon.
  1505 | D:2      | Noticed Ijyb
  1516 | D:2      | Killed Ijyb
  1905 | D:3      | Found a glowing silver altar of Zin.
  1980 | D:3      | Noticed graki42's ghost (weakling MiFi)
  1988 | D:3      | Killed graki42's ghost
  1988 | D:3      | Reached skill level 5 in Armour
  1988 | D:3      | Reached XP level 5. HP: 36/47 MP: 4/4
  2060 | D:3      | Found a blossoming altar of Fedhas.
  2433 | D:3      | Found a burning altar of Makhleb.
  2433 | D:3      | Found a sparkling altar of Nemelex Xobeh.
  2606 | D:4      | Reached skill level 5 in Shields
  2650 | D:4      | Found a staircase to the Ecumenical Temple.
  2670 | D:4      | Noticed a centaur
  2676 | D:4      | HP: 1/47 [centaur (7)]
  2678 | D:4      | Slain by a centaur

Vault maps used:
D:1:      dpeg_arrival_more_subterranean_lakeside_camping, st_stairs_4,
          serial_bayou_lagoon_a, evilmike_ruin_ashenzari
D:2:      overflow_temple_1_default, minmay_misc_feat_nine_boxes, minivault_11,
          hangedman_decor_peaks_small, minmay_cupped, uniq_iyjb
D:3:      zin_statuary, gammafunk_temple_overflow_statue,
          fedhas_altar_fruit_tree
D:4:      fiery_altar_vehumet, minmay_temple_entry_glass

Action                   |  1- 3 |  4- 6 || total
-------------------------+-------+-------++-------
Melee: War axe           |    94 |    75 ||   169
Throw: Throwing net      |       |     1 ||     1
  Use: Scroll            |       |     7 ||     7
  Eat: Chunk             |     2 |     4 ||     6
